 Dungeon Sprint DCSS version 0.30-a0-51-g784eafce7f (webtiles) character file.

Game seed: 5836469697527241454

4806 Ankalagon the Cruncher (level 10, -4/73 HPs)
             Began as a Demigod Gladiator on Sept 5, 2022.
             Engulfed by a cloud of flame (21 damage)
             ... in the Dungeon (Sprint II: "The Violet Keep of Menkaure").
             The game lasted 00:13:45 (1796 turns).

Ankalagon the Cruncher (Demigod Gladiator)          Turns: 1796, Time: 00:13:45

Health: -4/73      AC: 25    Str: 21    XL:     10   Next: 4%
Magic:  10/13      EV: 14    Int: 12    God:
Gold:   35         SH:  0    Dex: 23    Spells: 9/9 levels left

rFire   . . .      SeeInvis .    a - +2 quarterstaff (spect)
rCold   . . .      Faith    .    (shield currently unavailable)
rNeg    . . .      Spirit   .    f - +8 chain mail of the Mackerel {+Inv Will+ Int+2}
rPois   .          Reflect  .    c - +1 helmet
rElec   .          Harm     .    g - +2 cloak of the Mantidfly {Str+2}
rCorr   .          Rampage  .    (no gloves)
Will    ++...      NoTele   +    o - +0 pair of boots
Stlth   ..........               j - amulet of regeneration
HPRegen 1.02/turn                n - ring of flight
MPRegen 0.13/turn                (no ring)

@: flying, very slightly contaminated, invisible
A: high MP 1, forlorn, divine attributes
a: Evoke Invisibility


You were in the Dungeon.
You visited 1 branch You collected 1289 gold pieces.
You spent 1254 gold pieces at shops.

Inventory:

Hand Weapons
 a - a +2 spectral quarterstaff (weapon)
 b - a +0 arbalest
 d - a +0 quarterstaff
Missiles
 e - a javelin (quivered)
 h - a throwing net
Armour
 c - a +1 helmet (worn)
 f - the +8 chain mail of the Mackerel (worn) {+Inv Will+ Int+2}
   (You bought it in a shop in the Dungeon)

   Int:       It affects your intelligence (+2).
   +Inv:      It lets you turn invisible.
   Will:      It increases your willpower.
 g - the +2 cloak of the Mantidfly (worn) {Str+2}
   (You bought it in a shop in the Dungeon)

   Str:       It affects your strength (+2).
 o - a +0 pair of boots (worn)
Jewellery
 j - an amulet of regeneration (around neck)
 n - a ring of flight (left hand)
 r - a ring of see invisible
 y - a +6 ring of intelligence
Scrolls
 m - a scroll of immolation
 x - a scroll of blinking
Potions
 i - 5 potions of magic
 k - 2 potions of lignification
 l - a potion of invisibility
 p - 3 potions of resistance
 q - 2 potions of curing
 t - a potion of attraction {unknown}
 v - 3 potions of flight
 w - a potion of mutation


   Skills:
 - Level 1.7 Fighting
 - Level 13.4 Staves
 + Level 12.2 Ranged Weapons
 - Level 1.7 Throwing
 - Level 7.5 Armour
 - Level 9.2 Dodging
 - Level 7.4 Evocations


You had 9 spell levels left.
You didn't know any spells.
Your spell library contained the following spells:

 Spells                   Type           Power      Damage    Failure   Level
 Olgreb's Toxic Radiance  Pois           0%         N/A       100%        4
 Ozocubu's Refrigeration  Ice            0%         4d7       100%        7
 Ignition                 Fire           0%         3d3       100%        8


Dungeon Overview and Level Annotations

Branches:
Dungeon (1/1)

Shops:
D ::[(?(=![:*[=!(

Annotations:
D exclusion: oklob plant, Sonja


Innate Abilities, Weirdness & Mutations

You have an increased reservoir of magic. (+10% MP)
You shall have no god before yourself.
Your divine heritage dramatically boosts your attributes as you level up.


Message History

The yaktaur captain misses you.
You sock the yaktaur captain!
The yaktaur captain is heavily wounded.
The yaktaur captain hits you but does no damage.
You completely miss the yaktaur captain.
The yaktaur captain is heavily wounded.
You hit the yaktaur captain.
The yaktaur captain is heavily wounded.
The yaktaur captain closely misses you.
You sock the yaktaur captain!
The yaktaur captain is severely wounded.
The yaktaur captain hits you but does no damage.
You feel drained.
You fade into invisibility!
You are very lightly contaminated with residual magic.
The hellephant blinks!
The yaktaur captain barely misses you.
You catch the helpless yaktaur captain completely off-guard!
You hit the yaktaur captain but do no damage.
The yaktaur captain is severely wounded.
A centaur warrior breaks down the gate.
The lava snake spits lava at you.
The glob of lava hits the centaur warrior.
You thump the yaktaur captain!
The yaktaur captain is severely wounded.
The yaktaur captain hits you.
You barely miss the yaktaur captain.
The yaktaur captain is severely wounded.
The centaur warrior is engulfed in blazing flames.
The centaur warrior wields a +0 shortbow.
The centaur warrior shoots an arrow.
The arrow hits the yaktaur captain!
The yaktaur captain hits you.
You thump the yaktaur captain!
You kill the yaktaur captain!
The centaur warrior is engulfed in blazing flames.
The centaur warrior shoots an arrow.
The arrow hits you!
* * * LOW HITPOINT WARNING * * *
Your life force feels restored.
Your Ranged Weapons skill increases to level 12!
You have reached level 10!
You die...

+******+**,,****+####,,,,,,,,*,,,
∩∩∩∩∩∩*,,+,##≈○≈○≈≈§##⌠,,,,*+***,
∩∩∩∩∩∩*,,**#S≈§°≈○§§§##,,,,*,,*▓▓
******#*,,+§§≈≈○○○°§≈§#*++**,,,+.
,,,**,.c####§≈≈○≈S°≈§#*~,^,***,#.
,,,,*,,c@.~##≈○≈SS°≈#*,~,,,,,**#.
##########~~#'')#c°°##***,,,^*,*#
#########~~~.Y...○..°#,,+,^^,*,,#
.....∩.∩#~~~~.##@##..#,,***#.*,.#
....∩.∩.#~~~~##☼#○##.####,,+.##.#
.....∩..#~~~~#.##..#....#,,*...##
..∩.∩...#~~#####..####..##**#^.##
.⌠.∩....#~##.###'###.##..#,,+..#.
..∩.∩!..#~##.Y##.##...#§.#,,#..#.
...∩.∩..'~'.##'.<.')#.'.§####..##
....∩.∩.#~##..##.##...#....###...
▓▓▓▓▓▓###~##.###'###.##..§...~~~~


You could see a hellephant (unable to see you), a centaur warrior (unable to see
you) and 4 lava snakes.

Vanquished Creatures
  A kraken (D)
  Kirke (D)
  A yaktaur captain (D)
  A merfolk siren (D)
  A yaktaur (D)
  2 polar bears (D)
  A hornet (D)
  A blink frog (D)
  2 wyverns (D)
  A water moccasin (D)
  4 scorpions (D)
  3 worms (D)
19 creatures vanquished.

Vanquished Creatures (others)
  A kobold demonologist (D)
  A polar bear (D)
  Menkaure (D)
  A water moccasin (D)
  A swamp drake (D)
  80 tentacles (D)
85 creatures vanquished.

Grand Total: 104 creatures vanquished

Notes
Turn   | Place    | Note
-------+----------+-------------------------------------------
     0 | D        | Ankalagon the Demigod Gladiator began the quest for the
                  | Orb.
     0 | D        | Reached XP level 1. HP: 17/17 MP: 3/3
     1 | D        | Noticed a scorpion
     1 | D        | Noticed a scorpion
     1 | D        | Noticed a scorpion
     1 | D        | Noticed a scorpion
     6 | D        | Killed a scorpion
     7 | D        | Reached skill level 5 in Staves
     7 | D        | Reached skill level 5 in Dodging
     7 | D        | Reached XP level 2. HP: 24/24 MP: 4/4
     7 | D        | Reached XP level 3. HP: 29/29 MP: 5/5
    11 | D        | Killed a scorpion
    12 | D        | Reached skill level 6 in Staves
    12 | D        | Reached XP level 4. HP: 35/36 MP: 6/6
    15 | D        | Reached skill level 7 in Staves
    15 | D        | Reached XP level 5. HP: 32/41 MP: 7/7
    19 | D        | Reached skill level 8 in Staves
   173 | D        | Found Wimiz's Distillery.
   173 | D        | Found Beenezuo's Antique Armour Shoppe.
   173 | D        | Found Eddeqot's Distillery.
   173 | D        | Found Vaujepn's Jewellery Shoppe.
   173 | D        | Found Zoddip's Assorted Antiques.
   173 | D        | Found Kaqogg's Weapon Emporium.
   174 | D        | Found Fofixin's Antique Weapon Shoppe.
   174 | D        | Found Afaemmuz's Jewellery Shoppe.
   174 | D        | Found Cidacos's Weapon Shoppe.
   174 | D        | Found Bostraur's Book Emporium.
   175 | D        | Found Odifruxey's Armour Shoppe.
   175 | D        | Found Onuywkab's Magic Scroll Emporium.
   175 | D        | Found Myiwaoh's Antique Armour Shoppe.
   175 | D        | Found Neorphiacs's Book Emporium.
   177 | D        | Noticed a water moccasin
   177 | D        | Noticed a yak
   177 | D        | Noticed a yak
   177 | D        | Noticed a yak
   177 | D        | Noticed an oklob plant
   180 | D        | Noticed a manticore
   183 | D        | Noticed a manticore
   196 | D        | Killed a water moccasin
   197 | D        | Reached skill level 9 in Staves
   197 | D        | Reached XP level 6. HP: 18/48 MP: 8/8
   197 | D        | Found Uraerhui's Book Shoppe.
   200 | D        | Noticed a manticore
   206 | D        | Killed Menkaure
   411 | D        | Bought a warped chain mail for 228 gold pieces
   411 | D        | Identified the +8 chain mail of the Mackerel {+Inv Will+
                  | Int+2} (You bought it in a shop in the Dungeon)
   520 | D        | Noticed a merfolk siren
   531 | D        | Killed a merfolk siren
   532 | D        | Reached skill level 10 in Staves
   532 | D        | Reached XP level 7. HP: 38/53 MP: 9/9
   622 | D        | Noticed a wyvern
   622 | D        | Noticed a wyvern
   646 | D        | Killed a wyvern
   647 | D        | Reached skill level 5 in Armour
   647 | D        | Reached skill level 5 in Evocations
   654 | D        | Killed a wyvern
   830 | D        | Bought a potion of degeneration for 12 gold pieces
   835 | D        | Bought a bloodstained cloak for 275 gold pieces
   835 | D        | Identified the +2 cloak of the Mantidfly {Str+2} (You
                  | bought it in a shop in the Dungeon)
   852 | D        | Bought an amulet of regeneration for 300 gold pieces
   867 | D        | Noticed a blink frog
   894 | D        | Killed a blink frog
   895 | D        | Reached skill level 11 in Staves
   913 | D        | Bought a scroll labelled SOSHRO NIPLEHUO for 27 gold pieces
   913 | D        | Bought a scroll labelled KINANIJ XETE for 27 gold pieces
   913 | D        | Bought a scroll labelled NIEDEC XOMOGRI for 27 gold pieces
   948 | D        | Noticed a yaktaur
   948 | D        | Noticed a hornet
   948 | D        | Noticed a polar bear
   949 | D        | Noticed a polar bear
   967 | D        | Killed a polar bear
   967 | D        | Noticed a polar bear
   968 | D        | Reached XP level 8. HP: 12/60 MP: 10/10
   984 | D        | HP: 2/54 [polar bear (15)]
  1068 | D        | Killed a yaktaur
  1094 | D        | Killed a polar bear
  1095 | D        | Reached skill level 12 in Staves
  1115 | D        | Paralysed by a hornet for 2 turns
  1124 | D        | Killed a hornet
  1207 | D        | Killed a polar bear
  1208 | D        | Reached skill level 13 in Staves
  1241 | D        | Noticed a kraken
  1246 | D        | Found the necklace of Bloodlust {*Rage Will++ Int-3 Slay+6}
  1648 | D        | Killed a kraken
  1649 | D        | Reached XP level 9. HP: 53/67 MP: 11/11
  1670 | D        | Noticed a hellephant
  1670 | D        | Noticed Sonja
  1670 | D        | Noticed a purple draconian shifter
  1715 | D        | Bought a +2 spectral quarterstaff for 286 gold pieces
  1723 | D        | Bought a potion of curing for 36 gold pieces
  1723 | D        | Bought a potion of curing for 36 gold pieces
  1734 | D        | Noticed a centaur warrior
  1734 | D        | Noticed Kirke
  1734 | D        | Noticed a kobold demonologist
  1735 | D        | Noticed a yaktaur captain
  1757 | D        | Noticed a lindwurm
  1759 | D        | Noticed a lindwurm
  1760 | D        | Killed a kobold demonologist
  1776 | D        | Killed Kirke
  1795 | D        | Killed a yaktaur captain
  1796 | D        | Reached XP level 10. HP: 17/73 MP: 10/13
  1796 | D        | Engulfed by a cloud of flame

Illustrated notes

Levels and vault maps discovered:
D:        the_violet_keep_of_menkaure [sprint2_stairs_cluster_1,
          sprint2_shoproom, sprint2_temple, sprint2_basic_supplies,
          sprint2_obstacle_3, sprint2_obstacle_4, sprint2_obstacle_5,
          sprint2_obstacle_2, sprint2_obstacle_6, sprint2_timed_cluster_1,
          sprint2_smallroom_cluster_1, sprint2_smallroom_final_cluster_1,
          sprint2_transparent_cluster_1, sprint2_second_timed_cluster_1,
          sprint2_sniper_area_1, sprint2_heavy_combat_area_1,
          sprint2_mutation_trap_area_1, sprint2_forest_area_1,
          sprint2_light_combat_area_1, sprint2_behind_water_1,
          sprint2_near_end_vault_1]

Skill      XL: |  1  2  3  4  5  6  7  8  9 |
---------------+----------------------------+-----
Staves         | 5 6 7 9 10 11 13 | 13.4
Dodging        | 5 6 7 9 |  9.2
Armour         | 4 6 7 |  7.5
Evocations     | 4 6 7 |  7.4
Ranged Weapons | 8 12 | 12.2
Fighting       | |  1.7
Throwing       | |  1.7

Action                   |  1- 3 |  4- 6 |  7- 9 | 10-12 || total
-------------------------+-------+-------+-------+-------++-------
Melee: Quarterstaff      |     8 |    44 |   178 |       ||   230
 Fire: Arbalest          |       |       |    49 |       ||    49
Throw: Throwing net      |       |     2 |     4 |       ||     6
       Javelin           |       |       |     1 |       ||     1
 Abil: Evoke Invisibilit |       |       |     1 |       ||     1
  Use: Potion            |     1 |     1 |     2 |       ||     4
       Scroll            |       |       |    13 |       ||    13
 Stab: Held in net/web   |       |     4 |       |       ||     4
       Invisible         |       |       |     1 |       ||     1
Armor: Leather armour    |     1 |     2 |       |       ||     3
       Chain mail        |       |     3 |    99 |       ||   102
Dodge: Dodged            |     4 |    28 |    83 |       ||   115

Table legend: (Time is in decaauts)
 A = Elapsed time spent in this place.
 B = Non-inter-level travel time spent in this place.
 C = Inter-level travel time spent in this place.
 D = Time resting spent in this place.
 E = Time spent auto-exploring this place.
 F = Levels seen in this place.
 G = Mean time per level.
                   A        B        C        D        E       F      G
               +--------+--------+--------+--------+--------+-----+--------+
         Total |   1797 |   1796 |      1 |    829 |      0 |   1 | 1797.0 |
       Dungeon |   1797 |   1796 |      1 |    829 |      0 |   1 | 1797.0 |
               +--------+--------+--------+--------+--------+-----+--------+

Top non-repeatable levels by time:
       D: 1797 daAuts
